 Dungeon Crawl Stone Soup version 0.24.1-14-gf8d2b509d9 (webtiles) character file.

Game seed: 2829303095495623532, levelgen mode: deterministic

687 Peloso the Slasher (level 7, -6/43 HPs)
             Began as a Vampire Fighter on May 26, 2020.
             Mangled by an ogre
             ... wielding a +0 giant club
              (17 damage)
             ... on level 4 of the Dungeon.
             The game lasted 00:09:03 (3089 turns).

Peloso the Slasher (Vampire Fighter)                Turns: 3089, Time: 00:09:04

Health: -6/43      AC:  9    Str: 19 (20) XL:     7   Next: 35%
Magic:  7/7        EV:  6    Int:  8 (10) God:
Gold:   306        SH:  9    Dex: 12 (14) Spells: 6/6 levels left

rFire    . . .     SeeInvis +   a - +0 long sword
rCold    . . .     Gourm    .   c - +0 shield
rNeg     . . .     Faith    .   y - +0 chain mail
rPois    .         Spirit   .   (no helmet)
rElec    .         Reflect  .   (no cloak)
rCorr    .         Harm     .   (no gloves)
MR       .....                  (no boots)
Stlth    ..........             (no amulet)
HPRegen  0.34/turn              h - +3 ring of strength
MPRegen  0.10/turn              u - ring of flight

@: regenerating quickly
A: no food, fangs 3, see invisible, [frail 2], unbreathing
a: Exsanguinate, Evoke Flight


You were on level 4 of the Dungeon.
You were alive.

You visited 1 branch of the dungeon, and saw 4 of its levels.

You collected 306 gold pieces.

Inventory:

Hand Weapons
 a - a +0 long sword (weapon)
 b - a cursed -3 spear
Armour
 c - a +0 shield (worn)
 s - a +0 scale mail
 y - a +0 chain mail (worn)
Jewellery
 h - a +3 ring of strength (left hand)
 l - a +2 ring of intelligence
 m - an uncursed ring of protection from magic
 u - a ring of flight (right hand)
Scrolls
 e - 5 scrolls of identify {unknown}
 f - 2 scrolls of fear {unknown}
 g - a scroll of random uselessness {unknown}
 i - 4 scrolls of remove curse {unknown}
 j - a scroll of fog {unknown}
 o - a scroll of magic mapping {unknown}
 r - a scroll of amnesia {unknown}
 B - 2 scrolls of teleportation {unknown}
Potions
 d - a potion of might
 k - a potion of brilliance
 n - 2 potions of mutation {unknown}
 q - a potion of resistance {unknown}
 t - a potion of cancellation {unknown}
 v - 2 potions of magic {unknown}
 w - a potion of ambrosia {unknown}
 x - a potion of agility {unknown}
 z - a potion of heal wounds {unknown}
 A - a potion of degeneration {unknown}


   Skills:
 + Level 4.0 Fighting
 + Level 5.1 Long Blades
 + Level 3.7 Armour
 + Level 1.4 Dodging
 + Level 0.7 Stealth
 + Level 4.5 Shields


You had 6 spell levels left.
You didn't know any spells.
Your spell library was empty.

Dungeon Overview and Level Annotations

Branches:
Dungeon (4/15)
 Temple: D:4-7

Altars:
Gozag
Ru
Xom

Annotations:
D:4 3 runed translucent doors, Descartes's ghost, amateur FoEE


Innate Abilities, Weirdness & Mutations

You do not eat.
Your natural rate of healing is unusually fast.
You have razor-sharp teeth.
You have supernaturally acute eyesight. (SInv)
You can survive without breathing.
[You are very frail. (-20% HP)]


Message History

You closely miss the frilled lizard. The frilled lizard barely misses you.
You riposte.
You slash the frilled lizard!
You kill the frilled lizard!
Things that are here:
a +0 halberd; a +0 robe; the orc corpse of Blork the orc You hit the ogre.
You bite the ogre, but do no damage.
The ogre is moderately wounded.
The ogre hits you with a +0 giant club!!
Ouch! That really hurt!
* * * LOW HITPOINT WARNING * * *
You slash the ogre! You bite the ogre!
The ogre is almost dead.
You block the ogre's attack.
You feel better. You block the ogre's attack.
Your shield and chain mail prevent you from hitting the ogre.
The ogre is almost dead.
You hit the ogre.
The ogre is almost dead.
The ogre hits you with a +0 giant club!
You die...

.# #.###.#.# #.# ##.## ##
#.#.##..#.# #.# #.#
#.#.#.#.#.###.###.# #.#
#.#.†###..........#
#.###.#.#####)#####
####.####..# #.....#
#..........#####..#..#
#.##.......##.).O....###
'...............@.......'
#.##......###.##.....####
#.###.##.## #.###....#
#.<......# # #....#
#####.#### ##.#.# #.#
...# #.# .### #.# .. #.#


You could see an ogre.

Vanquished Creatures
  Sigmund (D:3)
  Menkaure (D:4)
  Blork the orc (D:4)
  A scorpion (D:4)
  An orc priest (D:3)
  A hound (D:4)
  2 orc wizards
  A centaur skeleton (D:4)
  4 adders
  2 oozes (D:3)
  An adder skeleton (D:4)
  2 worms
  2 dart slugs
  A leopard gecko (D:3)
  11 orcs
  8 bats
  2 giant cockroaches
  5 goblins
  8 hobgoblins
  4 jackals (D:3)
  6 kobolds
  A quokka (D:3)
  A ball python (D:4)
  7 frilled lizards
  10 rats
84 creatures vanquished.

Vanquished Creatures (others)
  An orc wizard (D:3)
1 creature vanquished.

Grand Total: 85 creatures vanquished

Notes
Turn   | Place    | Note
-------+----------+-------------------------------------------
     0 | D:1      | Peloso the Vampire Fighter began the quest for the Orb.
     0 | D:1      | Reached XP level 1. HP: 17/17 MP: 1/1
   279 | D:1      | Reached XP level 2. HP: 23/23 MP: 2/2
   549 | D:1      | You fall into a shaft and drop 1 floor!
   750 | D:2      | Reached XP level 3. HP: 15/29 MP: 3/3
   973 | D:2      | Found a sacrificial altar of Ru.
  1498 | D:1      | Reached skill level 3 in Long Blades
  1606 | D:3      | Reached XP level 4. HP: 32/35 MP: 4/4
  1661 | D:3      | Found an opulent altar of Gozag.
  1662 | D:3      | Found a sacrificial altar of Ru.
  1670 | D:3      | Found a shimmering altar of Xom.
  1774 | D:3      | Reached XP level 5. HP: 16/41 MP: 5/5
  2058 | D:3      | Noticed Sigmund
  2083 | D:3      | Killed Sigmund
  2083 | D:3      | Reached skill level 4 in Long Blades
  2083 | D:3      | Reached skill level 1 in Dodging
  2083 | D:3      | Reached XP level 6. HP: 22/38 MP: 6/6
  2472 | D:4      | Noticed Menkaure
  2480 | D:4      | Killed Menkaure
  2774 | D:4      | Found a runed translucent gate.
  2775 | D:4      | Found a runed translucent gate.
  2775 | D:4      | Found a runed translucent gate.
  2775 | D:4      | Noticed Descartes's ghost (amateur FoEE)
  2878 | D:4      | Reached XP level 7. HP: 19/37 MP: 7/7
  3066 | D:4      | Noticed Blork the orc
  3075 | D:4      | Killed Blork the orc
  3075 | D:4      | Reached skill level 5 in Long Blades
  3089 | D:4      | Mangled by an ogre

Levels and vault maps discovered:
D:1:      eino_arrival_water_cross, layout_basic, minmay_rat_gold_closets
D:2:      layout_loops_corners, first_ration, nicolae_ru_awakened_eye
D:3:      layout_basic, gammafunk_temple_overflow_forgotten, uniq_sigmund
D:4:      layout_loops_corners, biasface_ghost_orc_armoury, uniq_menkaure,
          uniq_blork_the_orc

Skill      XL: |  1  2  3  4  5  6  7 |
---------------+----------------------+-----
Fighting       | 3 4 |  4.0
Shields        | 3 4 |  4.5
Long Blades    | 3 4 5 |  5.1
Armour         | 3 |  3.7
Dodging        | 1 |  1.4
Stealth        | |  0.7

Action                   |  1- 3 |  4- 6 |  7- 9 || total
-------------------------+-------+-------+-------++-------
Melee: Long sword        |   135 |   143 |    38 ||   316
       Bite              |     9 |    13 |    12 ||    34
 Abil: Exsanguinate      |       |     3 |       ||     3
       Revivify          |       |     1 |     1 ||     2
       End Transformatio |       |     1 |       ||     1
       Bat Form          |       |     1 |       ||     1
  Use: Potion            |     3 |       |     1 ||     4
Armor: Scale mail        |    60 |    54 |       ||   114
       Chain mail        |       |    19 |    16 ||    35
Dodge: Dodged            |    35 |    58 |     9 ||   102
Block: Shield            |    66 |    95 |    12 ||   173
       Rpst.: Long sword |     8 |    25 |     4 ||    37
